AoeStats
← Soshipeak

Arena

510372232Analyzed
3v3 RM · 23h ago on Sep 30, 2026· 60m 10s· 6 players
Game mode
Random Map
Map size
Normal (6 player)
Population
200
Speed
Normal
Resources
Standard
Victory
Conquest
Starting age
Dark Age
Ending age
Imperial Age
RankedLock teamsTeams togetherTeam positionsShared explorationLock speedFull tech treeHidden civsTurbo modeCheats
Victory
Defeat
🇨🇴 Poles · Colombia
712
+12
🇦🇷 Tatars · Argentina
628
+15
🇩🇪 Turks · Germany
539
+19
🇧🇾 Vikings · Belarus
654
-17
🇷🇺 Spanish · Russia
616
-16
🇳🇱 Persians · Netherlands
558
-13
Anubis
0:35 Loom
11:49 Feudal Age
20:40 Castle Age
22:28 Fervor
22:55 Double-Bit Axe
22:52 Horse Collar
24:21 Sanctity
24:15 Bow Saw
29:22 Stone Mining
29:25 Gold Mining
33:46 Imperial Age
31:27 Heavy Plow
33:32 Ballistics
33:39 Murder Holes
33:35 Light Cavalry
37:51 Chemistry
37:04 Fortified Wall
38:41 Cavalier
39:22 Husbandry
39:33 Bloodlines
38:47 Elite Conquistador
42:05 Two-Man Saw
41:53 Wheelbarrow
42:12 Paladin
43:06 Forging
42:47 Fletching
43:49 Stone Shaft Mining
43:26 Scale Barding Armor
43:21 Padded Archer Armor
44:38 Chain Barding Armor
44:19 Scale Mail Armor
44:54 Iron Casting
46:11 Iron Casting
45:31 Bodkin Arrow
45:52 Leather Archer Armor
45:52 Chain Mail Armor
46:37 Bracer
47:13 Plate Barding Armor
47:37 Supremacy
48:40 Hand Cart
51:07 Hoardings
netboks
10:55 Feudal Age
16:06 Man-at-Arms
21:38 Castle Age
21:02 Gold Mining
21:15 Arson
21:45 Long Swordsman
26:20 Scale Mail Armor
harrold sweigermeister
14:21 Feudal Age
14:49 Double-Bit Axe
17:17 Wheelbarrow
16:49 Man-at-Arms
22:47 Castle Age
21:52 Scale Mail Armor
23:59 Bow Saw
23:33 Horse Collar
23:24 Long Swordsman
24:46 Caravan
26:37 Hand Cart
30:40 Pikeman
31:19 Crossbowman
32:30 Town Watch
33:04 Heavy Plow
34:16 Ballistics
34:14 Thumb Ring
34:33 Bloodlines
35:56 Kamandaran
37:28 Squires
37:15 Arson
43:34 Imperial Age
41:15 Husbandry
42:03 Gold Mining
42:03 Stone Mining
44:30 Scale Barding Armor
44:41 Chain Mail Armor
44:27 Padded Archer Armor
44:17 Fletching
48:59 Light Cavalry
50:10 Town Patrol
60:01 Leather Archer Armor
Soshipeak
12:36 Feudal Age
16:26 Castle Age
15:32 Double-Bit Axe
15:34 Horse Collar
17:33 Bow Saw
33:20 Heavy Plow
38:03 Imperial Age
37:42 Wheelbarrow
37:30 Scale Barding Armor
37:35 Forging
37:25 Light Cavalry
38:07 Husbandry
38:17 Bloodlines
39:22 Szlachta Privileges
39:41 Lechitic Legacy
39:42 Caravan
40:53 Hand Cart
40:25 Town Watch
40:25 Loom
40:55 Cavalier
41:58 Conscription
46:10 Chain Barding Armor
46:25 Iron Casting
46:14 Winged Hussar
49:21 Blast Furnace
50:43 Fletching
50:53 Padded Archer Armor
52:09 Thumb Ring
51:52 Treadmill Crane
52:32 Ballistics
53:13 Chemistry
53:55 Bodkin Arrow
54:15 Leather Archer Armor
54:02 Scale Mail Armor
54:35 Crop Rotation
54:37 Heavy Mounted Crossbowman
56:52 Bracer
58:17 Elite Obuch
Farru
7:19 Loom
11:48 Feudal Age
12:17 Double-Bit Axe
12:15 Horse Collar
15:31 Wheelbarrow
18:56 Castle Age
18:05 Gold Mining
18:38 Stone Mining
19:55 Heavy Plow
20:43 Bow Saw
23:31 Forging
23:30 Scale Barding Armor
27:12 Fletching
27:23 Padded Archer Armor
27:47 Hand Cart
28:23 Gold Shaft Mining
28:39 Town Watch
31:10 Iron Casting
30:35 Scale Mail Armor
32:15 Chain Barding Armor
32:29 Bloodlines
32:20 Husbandry
32:36 Town Patrol
34:04 Ballistics
33:27 Treadmill Crane
33:47 Murder Holes
34:00 Caravan
38:52 Imperial Age
37:33 Bodkin Arrow
37:53 Leather Archer Armor
38:00 Silk Armor
40:15 Conscription
40:08 Timurid Siegecraft
39:29 Elite Keshik
39:33 Heavy Cavalry Archer
40:34 Bracer
41:19 Crop Rotation
42:00 Ring Archer Armor
43:33 Blast Furnace
43:09 Plate Barding Armor
50:38 Timurid Siegecraft
60:02 Chemistry
59:15 Siege Engineers
BuffelBurak
9:41 Loom
16:58 Feudal Age
18:19 Man-at-Arms
18:57 Horse Collar
19:14 Double-Bit Axe
22:41 Arson
22:50 Gold Mining
22:51 Stone Mining
28:46 Castle Age
27:38 Bloodlines
30:16 Gold Shaft Mining
29:46 Heavy Plow
30:00 Bow Saw
30:23 Coinage
29:54 Caravan
32:20 Wheelbarrow
31:31 Town Watch
33:24 Long Swordsman
34:05 Squires
34:37 Scale Barding Armor
36:19 Hand Cart
42:37 Imperial Age
40:29 Town Patrol
42:18 Chain Barding Armor
42:01 Scale Mail Armor
44:20 Two-Man Saw
43:37 Fortified Wall
43:22 Murder Holes
43:38 Masonry
43:09 Treadmill Crane
43:20 Heated Shot
44:15 Banking
43:56 Guilds
44:35 Plate Barding Armor
44:27 Chain Mail Armor
44:23 Forging
44:04 Fletching
44:15 Padded Archer Armor
43:43 Two-Handed Swordsman
43:59 Elite Janissary
45:15 Hoardings
51:36 Plate Mail Armor
Connection lost

Rejoining the realm…

Still unreachable

The connection could not be restored.

Session expired

The server has moved on; the page needs a fresh start.